| TOP OF THE 1ST |
|
Washington (APP) Nationals batting - Pitching for Kingsport Mets : RHP Andy Carrell
|
|
Pitching: RHP Andy Carrell
|
|
|
Batting: RHB Tylor Cyr
|
0-0: Ball 1-0: Ball 2-0: Called Strike 2-1: Foul Ball, location: 2F 2-2: Ground out 4-3 (Groundball, 4, EV 91.2 MPH)
|
|
Batting: LHB Chance McWilliams
|
0-0: Fly out, F2 (Popup, 2LF, EV 85.6 MPH)
|
|
Batting: RHB Antonio Laurel
|
0-0: Ground out 6-3 (Groundball, 6M, EV 87.5 MPH)
|
| Top of the 1st over - 0 runs, 0 hits, 0 errors, 0 left on base; Washington (APP) 0 - Kingsport 0 |
| BOTTOM OF THE 1ST |
|
Kingsport Mets batting - Pitching for Washington (APP) Nationals : RHP Jayden Taylor
|
|
Pitching: RHP Jayden Taylor
|
|
|
Batting: SHB Tyler Maddux
|
0-0: Called Strike 0-1: Called Strike 0-2: Ball 1-2: Ball 2-2: Ball 3-2: Strikes out looking
|
|
Batting: LHB Jeremy Moorehead
|
0-0: Called Strike 0-1: Ball 1-1: Foul Ball, location: 2F 1-2: Ball 2-2: SINGLE (Line Drive, 4M, EV 97.5 MPH)
|
|
Batting: LHB Dan Bremseth
|
0-0: Ball 1-0: Ball 2-0: SINGLE (Groundball, 3D, EV 97.5 MPH) Jeremy Moorehead to second Runner from 2nd tries for 3rd, SAFE, throw by RF made to third
|
|
Batting: LHB Miguel Ramos
|
0-0: Called Strike 0-1: Ball 1-1: Called Strike 1-2: Ball 2-2: Ball 3-2: Foul Ball, location: 2F 3-2: Strikes out looking
|
|
Batting: SHB Nick Daigle
|
0-0: Ball 1-0: Ball 2-0: Ball 3-0: Called Strike 3-1: Base on Balls Dan Bremseth to second
|
|
Batting: LHB Matt Baker
|
0-0: Called Strike 0-1: Ball 1-1: Swinging Strike 1-2: Fielders Choice at 2nd, U4 (Groundball, 4M, EV 90.0 MPH)
|
| Bottom of the 1st over - 0 runs, 2 hits, 0 errors, 3 left on base; Washington (APP) 0 - Kingsport 0 |
| TOP OF THE 2ND |
|
Washington (APP) Nationals batting - Pitching for Kingsport Mets : RHP Andy Carrell
|
|
Batting: RHB Lamar Thornton
|
0-0: Ball 1-0: Ball 2-0: Ball 3-0: Base on Balls
|
|
Batting: RHB Antonio Vallez
|
0-0: Ball 1-0: Ball 2-0: Grounds into double play, 4-6-3 (Groundball, 4, EV 79.4 MPH)
|
|
Batting: RHB Chad Madsen
|
0-0: Ball 1-0: Ball 2-0: SINGLE (Line Drive, 5D, EV 96.9 MPH)
|
|
Batting: RHB Jelexiz Cuenca
|
0-0: Ball 1-0: Fly out, F9 (Flyball, 9S, EV 93.8 MPH)
|
| Top of the 2nd over - 0 runs, 1 hit, 0 errors, 1 left on base; Washington (APP) 0 - Kingsport 0 |
| BOTTOM OF THE 2ND |
|
Kingsport Mets batting - Pitching for Washington (APP) Nationals : RHP Jayden Taylor
|
|
Batting: RHB Chris Graham
|
0-0: Ball 1-0: Called Strike 1-1: Foul Ball, location: 2F 1-2: Strikes out looking
|
|
Batting: RHB Coltin Nellis
|
0-0: Ball 1-0: Ground out 4-3 (Groundball, 34, EV 90.6 MPH)
|
|
Batting: RHB Andy Carrell
|
0-0: Called Strike 0-1: Ball 1-1: Ball 2-1: SINGLE (Groundball, 5S, EV 66.9 MPH) (infield hit)
|
|
Batting: SHB Tyler Maddux
|
0-0: Ball 1-0: Ball 2-0: SINGLE (Line Drive, 9S, EV 96.9 MPH) Andy Carrell to second
|
|
Batting: LHB Jeremy Moorehead
|
0-0: Called Strike 0-1: Swinging Strike 0-2: Ball 1-2: Foul Ball, location: 2F 1-2: Ball 2-2: Foul Ball, location: 2F 2-2: Strikes out swinging
|
| Bottom of the 2nd over - 0 runs, 2 hits, 0 errors, 2 left on base; Washington (APP) 0 - Kingsport 0 |
| TOP OF THE 3RD |
|
Washington (APP) Nationals batting - Pitching for Kingsport Mets : RHP Andy Carrell
|
|
Batting: LHB Jim Weidman
|
0-0: Swinging Strike 0-1: Ball 1-1: Foul Ball, location: 2F 1-2: Ball 2-2: Strikes out swinging
|
|
Batting: RHB Jason Ewert
|
0-0: Foul Ball, location: 2F 0-1: Ball 1-1: Swinging Strike 1-2: Ball 2-2: Strikes out swinging
|
|
Batting: RHB Tylor Cyr
|
0-0: Called Strike 0-1: Ball 1-1: Fly out, F7 (Flyball, 7, EV 84.4 MPH)
|
| Top of the 3rd over - 0 runs, 0 hits, 0 errors, 0 left on base; Washington (APP) 0 - Kingsport 0 |
| BOTTOM OF THE 3RD |
|
Kingsport Mets batting - Pitching for Washington (APP) Nationals : RHP Jayden Taylor
|
|
Batting: LHB Dan Bremseth
|
0-0: Ball 1-0: Ball 2-0: Hit by Pitch
|
|
Batting: LHB Miguel Ramos
|
0-0: Foul Ball, location: 2F 0-1: Fly out, F7 (Flyball, 78M, EV 85.6 MPH)
|
|
Batting: SHB Nick Daigle
|
0-0: Ball 1-0: SINGLE (Groundball, 6MD, EV 95.0 MPH) Dan Bremseth to second Runner from 2nd tries for 3rd, SAFE, throw by CF made to third
|
|
Batting: LHB Matt Baker
|
0-0: Ball 1-0: Swinging Strike 1-1: Swinging Strike 1-2: Strikes out swinging
|
|
Batting: RHB Chris Graham
|
0-0: Called Strike 0-1: Ball 1-1: Ball 2-1: Ball 3-1: Base on Balls Nick Daigle to second
|
|
Batting: RHB Coltin Nellis
|
0-0: Foul Ball, location: 2F 0-1: Foul Ball, location: 2F 0-2: Ball 1-2: Ground out 5-3 (Groundball, 5S, EV 84.4 MPH)
|
| Bottom of the 3rd over - 0 runs, 1 hit, 0 errors, 3 left on base; Washington (APP) 0 - Kingsport 0 |
| TOP OF THE 4TH |
|
Washington (APP) Nationals batting - Pitching for Kingsport Mets : RHP Andy Carrell
|
|
Batting: LHB Chance McWilliams
|
0-0: Called Strike 0-1: Ground out 3-1 (Groundball, 34, EV 99.4 MPH)
|
|
Batting: RHB Antonio Laurel
|
0-0: Called Strike 0-1: Ground out U3 (Groundball, 3L, EV 83.8 MPH)
|
|
Batting: RHB Lamar Thornton
|
0-0: Ball 1-0: Ball 2-0: Called Strike 2-1: Foul Ball, location: 2F 2-2: Ground out 5-3 (Groundball, 5L, EV 83.1 MPH)
|
| Top of the 4th over - 0 runs, 0 hits, 0 errors, 0 left on base; Washington (APP) 0 - Kingsport 0 |
| BOTTOM OF THE 4TH |
|
Kingsport Mets batting - Pitching for Washington (APP) Nationals : RHP Jayden Taylor
|
|
Batting: RHB Andy Carrell
|
0-0: Swinging Strike 0-1: Swinging Strike 0-2: Ball 1-2: Ball 2-2: Ball 3-2: Strikes out swinging
|
|
Pitching: RHP Manny Mendoza
|
|
|
Batting: SHB Tyler Maddux
|
0-0: Ball 1-0: SINGLE (Line Drive, 3D, EV 94.4 MPH)
|
|
Batting: LHB Jeremy Moorehead
|
0-0: Ball 1-0: Fielders Choice at 2nd, 4-6 (Groundball, 4S, EV 86.9 MPH)
|
|
Batting: LHB Dan Bremseth
|
0-0: Called Strike Jeremy Moorehead steals 2nd base 0-1: Ball 1-1: Ball 2-1: Foul Ball, location: 2F 2-2: Ball 3-2: Base on Balls
|
|
Batting: LHB Miguel Ramos
|
0-0: Ball 1-0: Called Strike 1-1: Foul Ball, location: 2F 1-2: Fly out, F8 (Flyball, 8LD, EV 103.1 MPH)
|
| Bottom of the 4th over - 0 runs, 1 hit, 0 errors, 2 left on base; Washington (APP) 0 - Kingsport 0 |
| TOP OF THE 5TH |
|
Washington (APP) Nationals batting - Pitching for Kingsport Mets : RHP Andy Carrell
|
|
Batting: RHB Antonio Vallez
|
0-0: Called Strike 0-1: Hit by Pitch
|
|
Batting: RHB Chad Madsen
|
0-0: Ball 1-0: Swinging Strike 1-1: Called Strike 1-2: Ball 2-2: Foul Ball, location: 2F 2-2: Ball 3-2: Foul Ball, location: 2F 3-2: Base on Balls Antonio Vallez to second
|
|
Batting: RHB Jelexiz Cuenca
|
0-0: Ball 1-0: Ball Wild Pitch! Antonio Vallez to third Chad Madsen to second 2-0: Ground out 6-3 (Groundball, 56, EV 105.0 MPH) Antonio Vallez scores
|
|
Batting: LHB Jim Weidman
|
0-0: Ball Chad Madsen steals 3rd base 1-0: Ground out 4-3 (Groundball, 34, EV 83.8 MPH) Chad Madsen scores
|
|
Batting: RHB Jason Ewert
|
0-0: Ball 1-0: Ball 2-0: Ball 3-0: Called Strike 3-1: Foul Ball, location: 2F 3-2: Strikes out swinging
|
| Top of the 5th over - 2 runs, 0 hits, 0 errors, 0 left on base; Washington (APP) 2 - Kingsport 0 |
| BOTTOM OF THE 5TH |
|
Kingsport Mets batting - Pitching for Washington (APP) Nationals : RHP Manny Mendoza
|
|
Batting: SHB Nick Daigle
|
0-0: Ball 1-0: Foul Ball, location: 2F 1-1: Foul Ball, location: 2F 1-2: Ball 2-2: Ball 3-2: Foul Ball, location: 2F 3-2: Foul Ball, location: 2F 3-2: Foul Ball, location: 2F 3-2: SINGLE (Line Drive, 9LS, EV 90.6 MPH)
|
|
Batting: LHB Matt Baker
|
0-0: Called Strike 0-1: Fly out, F5 (Line Drive, 5, EV 75.0 MPH)
|
|
Batting: RHB Chris Graham
|
0-0: Fielders Choice at 2nd, 5-4 (Groundball, 5L, EV 105.0 MPH)
|
|
Batting: RHB Coltin Nellis
|
0-0: Fielders Choice at 2nd, 5-4 (Groundball, 56, EV 88.8 MPH)
|
| Bottom of the 5th over - 0 runs, 1 hit, 0 errors, 1 left on base; Washington (APP) 2 - Kingsport 0 |
| TOP OF THE 6TH |
|
Washington (APP) Nationals batting - Pitching for Kingsport Mets : RHP Andy Carrell
|
|
Batting: RHB Tylor Cyr
|
0-0: Ball 1-0: Foul Ball, location: 2F 1-1: Fly out, F7 (Line Drive, 7LM, EV 92.5 MPH)
|
|
Batting: LHB Chance McWilliams
|
0-0: Ground out 6-3 (Groundball, P, EV 86.9 MPH)
|
|
Batting: RHB Antonio Laurel
|
0-0: Fly out, F6 (Popup, 6M, EV 56.2 MPH)
|
| Top of the 6th over - 0 runs, 0 hits, 0 errors, 0 left on base; Washington (APP) 2 - Kingsport 0 |
| BOTTOM OF THE 6TH |
|
Kingsport Mets batting - Pitching for Washington (APP) Nationals : RHP Manny Mendoza
|
|
Batting: RHB Andy Carrell
|
0-0: Ground out 6-3 (Groundball, 6, EV 88.8 MPH)
|
|
Batting: SHB Tyler Maddux
|
0-0: Called Strike 0-1: Ball 1-1: Called Strike 1-2: Ground out U3 (Groundball, 34S, EV 85.0 MPH)
|
|
Batting: LHB Jeremy Moorehead
|
0-0: Ball 1-0: Foul Ball, location: 2F 1-1: Foul Ball, location: 2F 1-2: SINGLE (Groundball, 4MD, EV 99.4 MPH)
|
|
Pitching: RHP John Kovach
|
|
|
Batting: LHB Dan Bremseth
|
0-0: Fly out, F9 (Flyball, 9D, EV 87.5 MPH)
|
| Bottom of the 6th over - 0 runs, 1 hit, 0 errors, 1 left on base; Washington (APP) 2 - Kingsport 0 |
| TOP OF THE 7TH |
|
Washington (APP) Nationals batting - Pitching for Kingsport Mets : RHP Andy Carrell
|
|
Batting: RHB Lamar Thornton
|
0-0: Ball 1-0: Ball 2-0: Ball 3-0: Called Strike 3-1: SINGLE (Line Drive, 8LS, EV 111.2 MPH)
|
|
Batting: RHB Antonio Vallez
|
0-0: Called Strike Lamar Thornton steals 2nd base 0-1: Ball 1-1: Ground out 3-1 (Groundball, 34, EV 81.9 MPH) Lamar Thornton to third
|
|
Pitching: RHP Jose Herrera
|
|
|
Batting: RHB Chad Madsen
|
0-0: Ball 1-0: Ball 2-0: Ball Passed Ball! Lamar Thornton scores 3-0: Base on Balls
|
|
Batting: RHB Jelexiz Cuenca
|
0-0: Called Strike 0-1: Ball 1-1: Ball Chad Madsen is caught stealing 2nd base 2-4 2-1: Ball 3-1: Called Strike 3-2: Strikes out swinging
|
| Top of the 7th over - 1 run, 1 hit, 0 errors, 0 left on base; Washington (APP) 3 - Kingsport 0 |
| BOTTOM OF THE 7TH |
|
Kingsport Mets batting - Pitching for Washington (APP) Nationals : RHP John Kovach
|
|
Pitching: LHP Mike Rosas
|
|
|
Batting: LHB Miguel Ramos
|
0-0: Ground out 4-3 (Groundball, 4, EV 96.9 MPH)
|
|
Batting: SHB Nick Daigle
|
0-0: Called Strike 0-1: Ball 1-1: Ball 2-1: Fly out, F7 (Flyball, 7, EV 92.5 MPH)
|
|
Batting: LHB Matt Baker
|
0-0: Foul Ball, location: 2F 0-1: Fly out, F8 (Flyball, 8LD, EV 85.6 MPH)
|
| Bottom of the 7th over - 0 runs, 0 hits, 0 errors, 0 left on base; Washington (APP) 3 - Kingsport 0 |
| TOP OF THE 8TH |
|
Washington (APP) Nationals batting - Pitching for Kingsport Mets : RHP Jose Herrera
|
|
Batting: LHB Jim Weidman
|
0-0: Foul Ball, location: 2F 0-1: Swinging Strike 0-2: Ball 1-2: Fly out, F9 (Flyball, 89M, EV 91.2 MPH)
|
|
Batting: RHB Jason Ewert
|
0-0: Swinging Strike 0-1: Foul Ball, location: 2F 0-2: Foul Ball, location: 2F 0-2: Ball 1-2: Foul Ball, location: 2F 1-2: Ball 2-2: Strikes out swinging
|
|
Batting: RHB Tylor Cyr
|
0-0: Called Strike 0-1: Called Strike 0-2: Ball 1-2: Strikes out swinging
|
| Top of the 8th over - 0 runs, 0 hits, 0 errors, 0 left on base; Washington (APP) 3 - Kingsport 0 |
| BOTTOM OF THE 8TH |
|
Kingsport Mets batting - Pitching for Washington (APP) Nationals : LHP Mike Rosas
|
|
Batting: RHB Chris Graham
|
0-0: SINGLE (Line Drive, 34D, EV 98.8 MPH)
|
|
Batting: RHB Coltin Nellis
|
0-0: Ball 1-0: Ball 2-0: Ball 3-0: Called Strike 3-1: SINGLE (Groundball, 3D, EV 103.1 MPH) Chris Graham to second Runner from 2nd tries for 3rd, SAFE, no throw by RF
|
|
Batting: RHB Andy Carrell
|
0-0: Ball 1-0: Ball 2-0: Fly out, F6 (Flyball, 56D, EV 84.4 MPH)
|
|
Batting: SHB Tyler Maddux
|
0-0: Ball 1-0: Swinging Strike 1-1: Foul Ball, location: 2F 1-2: Ball 2-2: SINGLE (Line Drive, 7S, EV 90.0 MPH) Chris Graham scores Coltin Nellis to second
|
|
Batting: LHB Jeremy Moorehead
|
0-0: Called Strike 0-1: Called Strike 0-2: Ball 1-2: Strikes out looking
|
|
Batting: LHB Dan Bremseth
|
0-0: Called Strike 0-1: 3-RUN HOME RUN (Flyball, 9D, EV 95.0 MPH), Distance : 371 ft
|
|
Pitching: RHP Matt Norris
|
|
|
Batting: LHB Miguel Ramos
|
0-0: Ball 1-0: Ball 2-0: Called Strike 2-1: Foul Ball, location: 2F 2-2: Ball 3-2: Base on Balls
|
|
Batting: SHB Nick Daigle
|
0-0: Foul Ball, location: 2F 0-1: Foul Ball, location: 2F 0-2: Foul Ball, location: 2F 0-2: Ball 1-2: Ball 2-2: Ball 3-2: Foul Ball, location: 2F 3-2: Ground out 4-3 (Groundball, 4, EV 90.6 MPH)
|
| Bottom of the 8th over - 4 runs, 4 hits, 0 errors, 1 left on base; Washington (APP) 3 - Kingsport 4 |
| TOP OF THE 9TH |
|
Washington (APP) Nationals batting - Pitching for Kingsport Mets : RHP Jose Herrera
|
|
Pitching: RHP Pat Sprague
|
|
|
Now at 1B: Warren Carmichael
|
|
|
Batting: LHB Chance McWilliams
|
0-0: Swinging Strike 0-1: Ball 1-1: Ball 2-1: Ball 3-1: Foul Ball, location: 2F 3-2: Foul Ball, location: 2F 3-2: Base on Balls
|
|
Batting: LHB Vince McLane
|
0-0: Called Strike 0-1: Fielders Choice at 2nd, 5-4 (Groundball, 15, EV 83.8 MPH)
|
|
Batting: RHB Lamar Thornton
|
0-0: Swinging Strike 0-1: Fly out, F8 (Flyball, 89D, EV 91.9 MPH)
|
|
Batting: RHB Antonio Vallez
|
0-0: Ball 1-0: Called Strike 1-1: Fielders Choice at 2nd, 6-4 (Groundball, 56, EV 105.0 MPH)
|
| Top of the 9th over - 0 runs, 0 hits, 0 errors, 1 left on base; Washington (APP) 3 - Kingsport 4 |
|